 Dungeon Crawl Stone Soup version 0.30-b1-2-g02819fbbbe (webtiles) character file.

Game seed: 11338228845273371910

274 Alarkh the Shooter (level 6, 48/48 HPs)
             Began as a Demonspawn Hunter on July 11, 2023.
             Got out of the dungeon alive.
             The game lasted 00:03:22 (3181 turns).

Alarkh the Shooter (Demonspawn Hunter)              Turns: 3181, Time: 00:03:23

Health: 48/48      AC:  3    Str: 12    XL:     6   Next: 3%
Magic:  6/6        EV: 11    Int: 14    God:
Gold:   156        SH:  0    Dex: 16    Spells: 5/5 levels left

rFire   . . .        a - +0 shortbow
rCold   . . .        (shield currently unavailable)
rNeg    . . .        c - +0 leather armour
rPois   +            (no helmet)
rElec   .            (no cloak)
rCorr   .            (no gloves)
SInv    .            (no boots)
Will    .....        (no amulet)
Stlth   +            l - ring of poison resistance
HPRegen 0.28/turn    (no ring)
MPRegen 0.10/turn

%: no passive effects
@: no status effects
A: ignite blood 1, big brain 1
a: no special abilities


You escaped.
You visited 1 branch of the dungeon, and saw 4 of its levels.

You collected 156 gold pieces.

Inventory:

Hand Weapons
 a - a +0 shortbow (weapon)
 b - a +1 spear of venom
Armour
 c - a +0 leather armour (worn)
Jewellery
 l - a ring of poison resistance (left hand)
Scrolls
 d - a scroll of poison {unknown}
 e - 2 scrolls of blinking {unknown}
 g - a scroll of acquirement {unknown}
 h - a scroll of summoning {unknown}
 i - 2 scrolls of noise {unknown}
 j - a scroll of vulnerability {unknown}
 m - 3 scrolls of teleportation
 p - a scroll of enchant armour {unknown}
 q - a scroll of fog {unknown}
 r - a scroll of fear {unknown}
 t - 4 scrolls of immolation
 u - a scroll of amnesia {unknown}
Potions
 f - a potion of cancellation {unknown}
 k - a potion of mutation
 n - a potion of flight
 o - 2 potions of curing {unknown}
 s - a potion of berserk rage


   Skills:
 + Level 3.9 Fighting
 * Level 5.9 Ranged Weapons
 - Level 1.7 Dodging
 - Level 0.8 Stealth


You had 5 spell levels left.
You didn't know any spells.
Your spell library contained the following spells:

 Spells                   Type           Power      Damage    Failure   Level
 Apportation              Tloc           0%         N/A       36%         1
 Necrotise                Necr           0%         1d4       36%         1
 Summon Small Mammal      Summ           0%         N/A       36%         1


Dungeon Overview and Level Annotations

Branches:
Dungeon (4/15)
 Temple: D:4-7

Altars:
Makhleb
Okawaru
Xom

Annotations:
D:3 2 transporters, zielscheibe's ghost, amateur OpTm


Innate Abilities, Weirdness & Mutations

Your demonic aura sometimes causes spilled blood to erupt in flames.
You have an unusually large brain. (Int +2)


Message History

You shoot an arrow. The arrow barely misses the hobgoblin.
You shoot an arrow. The arrow barely misses the hobgoblin.
You shoot an arrow. The arrow hits the hobgoblin.
The hobgoblin is almost dead.
You shoot an arrow.
The arrow hits the hobgoblin but does no damage.
The hobgoblin is almost dead.
You shoot an arrow. The arrow closely misses the hobgoblin.
The hobgoblin hits you.
You shoot an arrow.
The arrow hits the hobgoblin but does no damage.
The hobgoblin is almost dead.
The hobgoblin closely misses you. The hobgoblin hits you.
You shoot an arrow. The arrow closely misses the hobgoblin.
The hobgoblin hits you.
You shoot an arrow. The arrow closely misses the hobgoblin.
The hobgoblin hits you but does no damage.
You shoot an arrow. The arrow barely misses the hobgoblin.
The hobgoblin barely misses you.
You shoot an arrow. The arrow hits the hobgoblin.
You kill the hobgoblin!
No target in view!
(D) Dungeon
Where to? (Enter - D:3 @ (x,y), ? - help)
What level of the Dungeon? (default 1, ? - help)
There is a stone staircase leading down here.
There is a stone staircase leading up here.
You climb upwards.
Level annotation: 2 transporters, zielscheibe's ghost, amateur OpTm
There is a stone staircase leading down here.
There is a stone staircase leading up here.
You climb upwards.
There is a stone staircase leading down here.
There is a stone staircase leading up here.
You climb upwards.
There is a stone staircase leading down here.
There is an open door here.
There is a staircase leading out of the dungeon here.
Are you sure you want to leave the Dungeon?
This will make you lose the game!
You have escaped!

#)###.#..# #.##....###
#.# #.#..####.###.....#
#.# #......##(###.....#
#.# ###..#............#
#.#####..####.###.....#
#........####.# #.....#
#######...#...# #.#####
#.#'##### #.#######
#.#@# ##.......## #.#+#
#.........#
#...######...####..#
#.#............##..#
###.......##...#......
###.........#..........#
#.....#.....##...####.##
#.###.#.....###..####.##
#.# #.####### #.......#)


There were no monsters in sight!

Vanquished Creatures
  An ogre (D:4)
  3 gnolls (D:3)
  9 adders
  A worm (D:3)
  A dart slug (D:4)
  3 orcs (D:3)
  2 ball pythons
  8 endoplasms
  4 giant cockroaches
  7 goblins
  10 hobgoblins
  3 jackals (D:3)
  3 quokkas
  7 bats
  4 frilled lizards
  6 kobolds
  7 rats
79 creatures vanquished.

Vanquished Creatures (others)
  10 fungi (D:4)
  5 toadstools (D:4)
15 creatures vanquished.

Grand Total: 94 creatures vanquished

Notes
Turn   | Place    | Note
-------+----------+-------------------------------------------
     0 | D:1      | Alarkh the Demonspawn Hunter began the quest for the Orb.
     0 | D:1      | Reached XP level 1. HP: 16/16 MP: 1/1
    55 | D:1      | You fall into a shaft and drop 1 floor!
   110 | D:1      | Gained mutation: Your demonic aura sometimes causes spilled
                  | blood to erupt in flames. [demonic ancestry]
   110 | D:1      | Reached XP level 2. HP: 20/22 MP: 2/2
   161 | D:1      | Reached skill level 4 in Ranged Weapons
   823 | D:2      | Reached XP level 3. HP: 20/28 MP: 3/3
  1014 | D:2      | Reached XP level 4. HP: 29/34 MP: 4/4
  1857 | D:3      | Reached skill level 5 in Ranged Weapons
  2143 | D:3      | Found a transporter.
  2181 | D:3      | Found a transporter.
  2184 | D:3      | Noticed zielscheibe's ghost (amateur OpTm)
  2366 | D:3      | Reached XP level 5. HP: 41/41 MP: 5/5
  2462 | D:3      | Found an ornate altar of the Wu Jian Council.
  2481 | D:3      | HP: 2/41 [poisoned by a gnoll]
  2619 | D:3      | Found a broken altar of Ashenzari.
  2619 | D:3      | Found a burning altar of Makhleb.
  2627 | D:3      | Found an iron altar of Okawaru.
  2627 | D:3      | Found a shimmering altar of Xom.
  2864 | D:4      | Noticed an ogre
  2913 | D:4      | Killed an ogre
  2961 | D:4      | Gained mutation: You have an unusually large brain. (Int
                  | +2) [demonic ancestry]
  2961 | D:4      | Reached XP level 6. HP: 45/48 MP: 6/6
  3181 | D:$      | Got out of the dungeon alive.

Illustrated notes

Levels and vault maps discovered:
D:1:      dpeg_arrival_tiny_c, layout_loops_corners
D:2:      layout_basic, minmay_small_reverse_x
D:3:      kennysheep_big_flooded_room, layout_basic, doesnt_xom_only_xom,
          gammafunk_ghost_stat_death
D:4:      layout_loops_ring, lemuel_coloured_pillars_altar,
          minmay_gold_behind_fungi, st_stairs_6

Skill      XL: |  1  2  3  4 |
---------------+-------------+-----
Ranged Weapons | 4 5 |  5.9
Fighting       | 3 |  3.9
Dodging        | |  1.7
Stealth        | |  0.8

Action                     |  1- 3 |  4- 6 || total
---------------------------+-------+-------++-------
  Melee: Spear             |       |     6 ||     6
         Punch             |       |     1 ||     1
   Fire: Shortbow          |   103 |   134 ||   237
    Use: Scroll            |       |     4 ||     4
 Armour: Leather armour    |    16 |    16 ||    32
  Dodge: Dodged            |    35 |    35 ||    70
